 Dungeon Crawl Stone Soup version 0.30-b1-2-g02819fbbbe (webtiles) character file.

Game seed: 7010476530382825684

6937 erloom the Basher (level 10, -2/83 HPs)
             Began as a Demigod Gladiator on May 28, 2023.
             Slain by a troll (10 damage)
             ... on level 11 of the Dungeon.
             The game lasted 00:22:23 (10341 turns).

erloom the Basher (Demigod Gladiator)              Turns: 10341, Time: 00:22:23

Health: -2/83      AC: 15    Str: 27    XL:     10   Next: 51%
Magic:  13/13      EV: 10    Int: 10    God:
Gold:   508        SH: 16    Dex: 23    Spells: 9/9 levels left

rFire   . . .        l - +1 whip (flame)
rCold   + . .        G - +0 tower shield
rNeg    . . .        C - +2 scale mail of Defence {rC+ Str+2}
rPois   .            c - +1 helmet
rElec   .            x - +0 cloak
rCorr   .            M - +0 pair of gloves
SInv    .            N - +0 pair of boots
Will    +....        (no amulet)
Stlth   +            n - +6 ring of strength
HPRegen 0.33/turn    (no ring)
MPRegen 0.13/turn

%: no passive effects
@: no status effects
A: high MP 1, forlorn, divine attributes
a: no special abilities


You were on level 11 of the Dungeon.
You visited 1 branch of the dungeon, and saw 11 of its levels.

You collected 508 gold pieces.

Inventory:

Hand Weapons
 a - a +0 long sword
 l - a +1 whip of flaming (weapon)
 m - a +0 whip of electrocution
 H - the +8 trident of the Octopus King {venom, rElec rPois}
   (You took it off an orc priest on level 7 of the Dungeon)

   rElec:     It insulates you from electricity.
   rPois:     It protects you from poison.
 O - a +1 mace of holy wrath
Missiles
 d - 4 throwing nets (quivered)
 e - a javelin
Armour
 b - a +1 plate armour of fire resistance
 c - a +1 helmet (worn)
 f - the +1 leather armour "Ehuojoeph" {Str+4 Dex-2}
   (You found it on level 7 of the Dungeon)

   Str:       It affects your strength (+4).
   Dex:       It affects your dexterity (-2).
 x - a +0 cloak (worn)
 C - the +2 scale mail of Defence (worn) {rC+ Str+2}
   (You found it on level 3 of the Dungeon)

   Str:       It affects your strength (+2).
   rC:        It protects you from cold.
 G - a +0 tower shield (worn)
 M - a +0 pair of gloves (worn)
 N - a +0 pair of boots (worn)
Jewellery
 n - a +6 ring of strength (left hand)
 s - a +6 ring of intelligence
 t - a ring of fire
 F - a ring of magical power
 K - a ring of protection from fire
 P - a ring of protection from cold
Wands
 g - a wand of digging (1)
 v - a wand of roots (2)
 Q - a wand of charming (6)
 R - a wand of polymorph (3)
 S - a wand of flame (10)
Scrolls
 h - 6 scrolls of teleportation {unknown}
 j - 3 scrolls of poison
 o - 2 scrolls of vulnerability
 q - 2 scrolls of magic mapping
 r - 3 scrolls of torment
 y - 3 scrolls of enchant armour
 z - 2 scrolls of fear {unknown}
 A - a scroll of enchant weapon
 B - 2 scrolls of amnesia {unknown}
 J - 2 scrolls of noise
Potions
 i - 2 potions of invisibility {unknown}
 k - 3 potions of curing
 p - a potion of cancellation {unknown}
 u - 3 potions of might
 w - a potion of magic
 D - 3 potions of heal wounds {unknown}
 E - a potion of attraction
 I - a potion of mutation
 L - 2 potions of berserk rage {unknown}


   Skills:
 + Level 6.3 Fighting
 - Level 3.2 Long Blades
 + Level 11.1 Maces & Flails
 - Level 1.7 Throwing
 + Level 5.6 Armour
 - Level 3.1 Dodging
 - Level 5.0 Shields
 + Level 2.2 Evocations


You had 9 spell levels left.
You didn't know any spells.
Your spell library contained the following spells:

 Spells                   Type           Power      Damage    Failure   Level
 Summon Small Mammal      Summ           0%         N/A       98%         1
 Blink                    Tloc           0%         N/A       99%         2
 Lesser Beckoning         Tloc           0%         N/A       99%         2
 Momentum Strike          Conj/Tloc      0%         3d8       99%         2
 Call Canine Familiar     Summ           0%         N/A       100%        3
 Summon Guardian Golem    Hex/Summ       0%         N/A       100%        3
 Vhi's Electric Charge    Tloc/Air       0%         N/A       100%        3
 Arcjolt                  Conj/Air       0%         1d10      100%        5
 Plasma Beam              Fire/Air       0%         2x1d11    100%        6


Dungeon Overview and Level Annotations

Branches:
Dungeon (11/15)            Temple (0/1) D:7             Orc (0/2) D:10
   Lair: D:8-11


Innate Abilities, Weirdness & Mutations

You have an increased reservoir of magic. (+10% MP)
You shall have no god before yourself.
Your divine heritage dramatically boosts your attributes as you level up.


Message History

You hit the troll. You burn the troll.
The troll is severely wounded.
You hit the troll. You burn the troll.
The troll is almost dead.
You block the troll's attack.
The troll claws you but does no damage. x2
You completely miss the troll.
The troll is almost dead.
The troll bites you.
* * * LOW HITPOINT WARNING * * *
You block the troll's attack. The troll barely misses you.
You completely miss the troll.
The troll is almost dead.
The troll barely misses you. You block the troll's attack.
The troll barely misses you.
You closely miss the troll.
The troll is almost dead.
You block the troll's attack. x2; The troll claws you!
* * * LOW HITPOINT WARNING * * *
You hit the troll but do no damage.
The troll is almost dead.
You closely miss the troll.
The troll is almost dead.
The troll bites you.
* * * LOW HITPOINT WARNING * * *
You block the troll's attack. The troll claws you but does no damage.
You hit the troll but do no damage.
The troll is almost dead.
You block the troll's attack. x2; The troll closely misses you.
You closely miss the troll.
The troll is almost dead.
You feel better. You block the troll's attack. The troll claws you.
* * * LOW HITPOINT WARNING * * *
The troll claws you but does no damage.
You closely miss the troll.
The troll is severely wounded.
You block the troll's attack. x3
You hit the troll but do no damage.
The troll is severely wounded.
You block the troll's attack. The troll claws you!
You die...

.########.........
...>...........<.......
......................
.....#######...######
.....#######...#####
....................
..............######
#T.........#####
..#######@..<...........
....$...................
........................
.#######...############.
#...# #...# #...# .....
.......


You could see a troll.

Vanquished Creatures
  Pikel (D:6)
  A manticore (D:10)
  Joseph (D:7)
  A gargoyle (D:10)
  A shadow (D:11)
  A wraith (D:9)
  A wyvern (D:10)
  Eustachio (D:5)
  3 vampire mosquitoes (D:9)
  Menkaure (D:7)
  2 acid dragons
  3 water moccasins
  A sky beast (D:6)
  2 ice beasts
  2 black bears
  6 orc warriors
  An ogre (D:5)
  2 centaurs (D:9)
  2 phantoms (D:5)
  4 lemures
  2 kobold brigands
  3 bullfrogs
  4 scorpions
  A gnoll sergeant (D:3)
  8 wights
  5 killer bees
  A vampire bat (D:7)
  A howler monkey (D:7)
  A jelly (D:8)
  11 orc priests
  A gnoll bouda (D:7)
  3 hounds
  11 orc wizards
  3 iguanas
  9 gnolls
  7 adders
  3 river rats (D:6)
  A shadow imp (D:6)
  2 white imps
  2 ufetubi (D:5)
  3 dart slugs
  50 orcs
  10 ball pythons
  2 bat skeletons (D:7)
  4 bat zombies (D:7)
  6 endoplasms
  4 giant cockroaches
  5 goblins
  A hobgoblin (D:1)
  9 kobolds
  5 quokkas
  5 bats
  10 frilled lizards
  A goblin zombie (D:6)
  A quokka zombie (D:6)
  6 rats
238 creatures vanquished.

Vanquished Creatures (others)
  3 plants (D:1)
3 creatures vanquished.

Grand Total: 241 creatures vanquished

Notes
Turn   | Place    | Note
-------+----------+-------------------------------------------
     0 | D:1      | erloom the Demigod Gladiator began the quest for the Orb.
     0 | D:1      | Reached XP level 1. HP: 17/17 MP: 3/3
   352 | D:1      | Reached XP level 2. HP: 16/24 MP: 4/4
   812 | D:2      | Reached XP level 3. HP: 21/29 MP: 5/5
  1091 | D:2      | Reached skill level 1 in Maces & Flails
  1684 | D:2      | Reached skill level 2 in Maces & Flails
  1684 | D:2      | Reached XP level 4. HP: 31/36 MP: 6/6
  1963 | D:3      | You fall into a shaft and drop 2 floors!
  1963 | D:5      | Entered Level 5 of the Dungeon
  1966 | D:5      | Noticed a phantom
  1983 | D:5      | Killed a phantom
  1984 | D:5      | Reached skill level 3 in Maces & Flails
  1984 | D:5      | Reached XP level 5. HP: 41/41 MP: 7/7
  2112 | D:4      | Reached skill level 4 in Maces & Flails
  2442 | D:3      | Identified the +2 scale mail of Defence {rC+ Str+2}
  2613 | D:3      | Reached XP level 6. HP: 24/48 MP: 8/8
  2710 | D:4      | Reached skill level 5 in Maces & Flails
  3396 | D:5      | Reached skill level 6 in Maces & Flails
  3538 | D:5      | Reached XP level 7. HP: 55/55 MP: 9/9
  3589 | D:5      | Reached skill level 7 in Maces & Flails
  3591 | D:5      | Noticed Eustachio
  3662 | D:5      | Killed Eustachio
  3683 | D:5      | HP: 2/55 [orc priest/divine providence (16)]
  3948 | D:5      | Reached skill level 8 in Maces & Flails
  4263 | D:6      | Reached XP level 8. HP: 46/61 MP: 10/10
  4727 | D:6      | Reached skill level 9 in Maces & Flails
  4895 | D:6      | Identified the +0 dagger of Hobrua Ekec {freeze, rPois rC-
                  | Dex+4}
  5029 | D:6      | Noticed Pikel
  5718 | D:6      | Killed Pikel
  5719 | D:6      | Reached skill level 1 in Armour
  5719 | D:6      | Reached skill level 1 in Shields
  5986 | D:7      | Reached XP level 9. HP: 59/70 MP: 11/11
  6131 | D:7      | Reached skill level 10 in Maces & Flails
  6260 | D:7      | Noticed Joseph
  6372 | D:7      | Noticed Menkaure
  6382 | D:7      | Killed Menkaure
  6636 | D:7      | Found a staircase to the Ecumenical Temple.
  6812 | D:7      | Killed Joseph
  7136 | D:7      | Identified the +1 leather armour "Ehuojoeph" {Str+4 Dex-2}
  7540 | D:9      | Reached skill level 5 in Fighting
  8385 | D:9      | Reached XP level 10. HP: 61/81 MP: 13/13
  8523 | D:9      | Identified the +1 ring mail "Anablay" {Rampage Dex-3
                  | Stlth+}
  9332 | D:10     | Entered Level 10 of the Dungeon
  9360 | D:9      | Reached skill level 5 in Shields
  9369 | D:9      | Reached skill level 5 in Armour
  9406 | D:10     | Noticed a manticore
  9430 | D:10     | Killed a manticore
  9753 | D:10     | Found a staircase to the Orcish Mines.
  9771 | D:10     | Reached skill level 1 in Evocations
  9883 | D:10     | Reached skill level 11 in Maces & Flails
 10341 | D:11     | Slain by a troll

Illustrated notes

Levels and vault maps discovered:
D:1:      mrwooster_arrival_statue_2, layout_basic,
          hellmonk_ecumenical_altar_heavens_door, serial_park_tiny_2,
          minmay_crystal_water, roderic_lattice_a, serial_bayou_pond_c
D:2:      layout_basic, grunt_ministairs_12, chequers_avenue, nicolae_half_adder
D:3:      layout_basic, bloody_makhleb
D:4:      layout_loops_ring
D:5:      layout_cave_pools, mainiacjoe_overflow_surrounded_room,
          nicolae_sif_muna_condensation, grunt_ministairs_12, minmay_liquid_box,
          uniq_eustachio
D:6:      black_bear_nest_1, layout_gridville, enter_ossuary_4,
          portal_sewer_entry_e, uniq_pikel
D:7:      layout_loops_ring, kennysheep_vampire_church, lemuel_crystal_altar,
          nicolae_dithmenos_through_a_glass_darkly, temple_green,
          grunt_ministairs_12, supply_closet_lemuel, uniq_menkaure, uniq_joseph
D:8:      layout_loops_ring, hellmonk_okawaru_the_only_friend_you_need,
          minmay_misc_feat_tower, st_stairs_4
D:9:      layout_loops_cross, nicolae_ashenzari_skybound
D:10:     layout_cave_pools, david_orc_2
D:11:     layout_long_grid, grunt_lair_entry_orc_guard_hut

Skill      XL: |  1  2  3  4  5  6  7  8  9 10 |
---------------+-------------------------------+-----
Fighting       | 2 3 5 6 |  6.3
Long Blades    | 3 |  3.2
Dodging        | 3 |  3.1
Maces & Flails | 2 3 4 6 8 9 10 11 | 11.1
Armour         | 2 4 5 |  5.6
Shields        | 2 4 5 |  5.0
Evocations     | 2 |  2.2
Throwing       | |  1.7

Action                     |  1- 3 |  4- 6 |  7- 9 | 10-12 || total
---------------------------+-------+-------+-------+-------++-------
  Melee: Long sword        |    96 |       |       |       ||    96
         Whip              |    47 |   163 |   634 |   281 ||  1125
  Evoke: Wand              |       |       |       |     1 ||     1
    Use: Potion            |       |     4 |     3 |     2 ||     9
         Scroll            |       |     1 |     7 |     5 ||    13
 Armour: Leather armour    |    43 |       |       |       ||    43
         Ring mail         |     7 |    14 |       |       ||    21
         Scale mail        |       |    64 |   187 |    69 ||   320
  Dodge: Dodged            |   132 |    60 |   203 |    78 ||   473
  Block: Buckler           |       |    29 |    66 |       ||    95
         Tower shield      |       |       |   125 |   200 ||   325
